 Dungeon Crawl Stone Soup version 0.25-a0-424-g80bd347ae0 (webtiles) character file.

Game seed: 16041876426076233033, levelgen mode: deterministic

0 Gargoyl the Skirmisher (level 1, -8/19 HPs)
             Began as a Centaur Abyssal Knight on Jan 23, 2020.
             Was a Follower of Lugonu.
             Mangled by a fire bat (9 damage)
             ... on level 1 of the Abyss.
             The game lasted 00:00:10 (63 turns).

Gargoyl the Skirmisher (Centaur Abyssal Knight)       Turns: 63, Time: 00:00:11

Health: -8/19      AC:  4    Str: 14    XL:     1   Next: 0%
Magic:  2/2        EV:  9    Int: 11    God:    Lugonu [*.....]
Gold:   0          SH:  0    Dex:  8    Spells: 0/0 levels left

rFire    . . .     SeeInvis .   a - +1 hand axe
rCold    . . .     Gourm    .   (no shield)
rNeg     . . .     Faith    .   b - +0 leather armour
rPois    .         Spirit   .   (no helmet)
rElec    .         Reflect  .   (no cloak)
rCorr    .         Harm     .   (no gloves)
MR       .....                  (no barding)
Stlth    ..........             (no amulet)
HPRegen  0.06/turn              (no ring)
MPRegen  0.08/turn              (no ring)

@: very quick
A: large, hooves 3, deformed body, deterioration 1, speed 2, tough skin 3
a: Depart the Abyss, Renounce Religion


You were on level 1 of the Abyss.
You worshipped Lugonu.
Lugonu was aware of your devotion.
You were not hungry.

You visited 0 branches of the dungeon, and saw 0 of its levels.
You visited the Abyss 1 time.

Inventory:

Hand Weapons
 a - a +1 hand axe (weapon)
Armour
 b - a +0 leather armour (worn)
Comestibles
 c - 2 rations


   Skills:
 + Level 3.0 Fighting
 + Level 1.7 Axes
 + Level 1.3 Armour
 + Level 0.6 Dodging
 + Level 2.0 Invocations


You couldn't memorise any spells.
You didn't know any spells.
Your spell library was empty.

Dungeon Overview and Level Annotations

Branches:
Dungeon (0/15)

Altars:


Innate Abilities, Weirdness & Mutations

You have hooves in place of feet.
Armour fits poorly on your strangely shaped body.
You cover ground very quickly.
You have extremely tough skin. (AC +3)
Your body sometimes deteriorates upon taking damage.


Message History

The fire bat bites you.
You are engulfed in flames.
The fire bat bites you but does no damage.
The ufetubus hits you but does no damage.
The ufetubus hits you.
The fire bat bites you but does no damage.
The ufetubus hits you.
* * * LOW HITPOINT WARNING * * *
The ufetubus hits you but does no damage.
Found 14 arrows.
The large abomination hits you but does no damage.
Tentacles burst from the starspawn's body!
The fire bat bites you but does no damage. 2 starspawn tentacles come into view.
Unknown command.
The fire bat closely misses you.
Unknown command.
The fire bat bites you.
* * * LOW HITPOINT WARNING * * *
You are engulfed in flames!
You die...

#... ..# . ..# ##.
.# (.. #.... ..
#.##.##..
#.#.###.#§§#...
.........§.....#
§§.. #.@.D..##..#
§..)##.b....#...#
..W....§X....#.
.......5§.....##
...............##
..............#.#
.........X....#...
........§§.........
#..>[..##.§....####.


You could see a bone dragon, a tentacled starspawn, a large abomination, a fire
bat and an ufetubus.

Vanquished Creatures (others)
  2 starspawn tentacles (Abyss:1)
2 creatures vanquished.

Notes
Turn   | Place    | Note
-------+----------+-------------------------------------------
     0 | Abyss:1  | Gargoyl the Centaur Abyssal Knight began the quest for the
                  | Orb.
     0 | Abyss:1  | Reached XP level 1. HP: 19/19 MP: 2/2
    36 | Abyss:1  | Noticed a neqoxec
    38 | Abyss:1  | Noticed a large abomination
    38 | Abyss:1  | Noticed a kobold demonologist
    39 | Abyss:1  | Noticed an iron imp
    39 | Abyss:1  | Gained mutation: Your body sometimes deteriorates upon
                  | taking damage. [a neqoxec]
    46 | Abyss:1  | Noticed a green very ugly thing
    47 | Abyss:1  | Noticed a glowing orange brain
    55 | Abyss:1  | Noticed a fire bat
    59 | Abyss:1  | Noticed a hungry ghost
    59 | Abyss:1  | Noticed a large abomination
    59 | Abyss:1  | Noticed a bone dragon
    59 | Abyss:1  | Noticed a tentacled starspawn
    63 | Abyss:1  | Mangled by a fire bat

Levels and vault maps discovered:
Abyss:1:  evilmike_abyss_exit_11, hangedman_abyss_feature_spike

Action                   || total
-------------------------++-------
Armor: Leather armour    ||     7
Dodge: Dodged            ||     1

Table legend:
 A = Non-vault XP
 B = Vault XP
 C = Vault XP percentage of total XP
 D = Non-vault monster count
 E = Vault monster count
 F = Vault count percentage of total count
                 A         B        C        D         E       F
            +---------+---------+-------+---------+---------+-------
      Total |       0 |       0 |   N/A |       0 |       0 |  -nan
            +---------+---------+-------+---------+---------+-------
            +---------+---------+-------+---------+---------+-------
